 Dungeon Crawl Stone Soup version 0.23-a0-586-gacb4b3f (webtiles) character file.

105 inc the Firebug (level 4, 18/18 HPs)
             Began as a Felid Fire Elementalist on Dec 18, 2018.
             Quit the game on level 3 of the Dungeon.
             The game lasted 00:06:02 (3247 turns).

inc the Firebug (Felid Fire Elementalist)           Turns: 3247, Time: 00:06:03

Health: 18/18      AC:  1    Str:  3 (4)  XL:     4   Next: 54%
Magic:  8/8        EV: 18    Int: 15 (17) God:
Gold:   117        SH:  0    Dex: 15 (17) Spells: 3/7 levels left
                                        Lives:  0   Deaths: 1

rFire    . . .     SeeInvis +   (weapon unavailable)
rCold    . . .     Gourm    .   (shield unavailable)
rNeg     . . .     Faith    .   (armour unavailable)
rPois    .         Spirit   .   (helmet unavailable)
rElec    .         Reflect  .   (cloak unavailable)
rCorr    .         Harm     .   (gloves unavailable)
MR       .....                  (boots unavailable)
Stlth    +++.......             (no amulet)
HPRegen  0.06/turn              (no ring)
MPRegen  0.11/turn              (no ring)

@: hasted, very quick
A: very small, no armour, no weapons or thrown items, stealth, claws 1, fangs 3,
see invisible, carnivore, speed 1, shaggy fur 1, slow metabolism 1, sharp paws
a: no special abilities


You were on level 3 of the Dungeon.
You were not hungry.

You visited 1 branch of the dungeon, and saw 3 of its levels.

You collected 117 gold pieces.

Inventory:

Scrolls
 e - 3 scrolls of fear {unknown}
 g - 2 scrolls of amnesia {unknown}
 h - a scroll of enchant weapon {unknown}
 i - 2 scrolls of identify {unknown}
 j - a scroll of blinking {unknown}
 m - a scroll of random uselessness {unknown}
 o - 2 scrolls of remove curse {unknown}
 q - a scroll of fog {unknown}
Potions
 a - 2 potions of curing
 d - a potion of degeneration
 k - a potion of cancellation
Comestibles
 b - 3 rations


   Skills:
 - Level 2.8 Dodging
 - Level 2.6 Stealth
 - Level 2.0 Spellcasting
 + Level 3.8 Conjurations
 + Level 4.0 Fire Magic


You had 3 spell levels left.
You knew the following spells:

 Your Spells              Type           Power        Failure   Level  Hunger
a - Flame Tongue          Conj/Fire      ##...        4%          1    #......
b - Conjure Flame         Conj/Fire      ##......     13%         3    ###....

Your spell library contained the following spells:

 Spells                   Type           Power        Failure   Level  Hunger
 Throw Flame              Conj/Fire      ##....       7%          2    ###....
 Inner Flame              Hex/Fire       #.......     28%         3    ###....
 Sticky Flame             Conj/Fire      ##......     41%         4    #####..
 Fireball                 Conj/Fire      ##........   77%         5    ######.


Dungeon Overview and Level Annotations

Branches:
Dungeon (3/15)

Altars:
Makhleb
Wu Jian


Innate Abilities, Weirdness & Mutations

You cannot wear armour.
You are incapable of wielding weapons or throwing items.
Your paws allow you to move quietly. (Stealth)
You have sharp claws.
You have razor-sharp teeth.
You have supernaturally acute eyesight. (SInv)
You are carnivorous and can eat meat at any time.
You cover ground quickly.
You are covered in fur. (AC +1)
You have a slow metabolism.
Your sharp claws are effective at attacking unaware monsters.


Message History

It was a potion of invisibility.
You fade into invisibility!
You are very lightly contaminated with residual magic.
It was a potion of agility.
You feel agile all of a sudden.
The kobold shouts!
It was a potion of magic.
Magic courses through your body.
It was a potion of cancellation.
Your magical effects are unravelling.
You feel magically purged.
Your magical contamination has completely faded away.
You feel less wooden.
You flicker back into view.
You feel a little less agile now.
The kobold throws a stone.
The stone hits you.
It was a potion of haste.
You feel yourself speed up.
It was a potion of degeneration.
There was something very wrong with that liquid.
You feel weakened.
You feel dopey.
You feel clumsy.
It was a potion of curing.
You feel better.
Are you sure you want to abandon this character and quit the game? (Confirm

.#........
........#.
..........
...######
.........
..## .!.....
...#####
#...).
.#.....#
#.K).
.......#####
#...
.####......#
#..## .#
#.####...
#@.# .# #.#
##.# .##
#.#### #.#
...##....#
#.##
......##)##
#..##
......##..#
##..#
......###.#
##.#
....<.....#
#.#
.....###..###
#.#


You could see a kobold.

Vanquished Creatures
  A hound (D:2)
  Jessica (D:2)
  Terence (D:2)
  An adder (D:2)
  A shadow imp (D:3)
  2 dart slugs
  2 leopard geckos (D:2)
  4 orcs (D:3)
  10 bats
  5 giant cockroaches
  8 goblins
  15 hobgoblins
  6 frilled lizards
  12 kobolds
  8 rats
77 creatures vanquished.

Notes
Turn   | Place    | Note
-------+----------+-------------------------------------------
     0 | D:1      | inc the Felid Fire Elementalist began the quest for the
                  | Orb.
     0 | D:1      | Reached XP level 1. HP: 7/7 MP: 4/4
   119 | D:1      | Reached skill level 1 in Conjurations
   195 | D:1      | Reached XP level 2. HP: 11/11 MP: 3/6
  1530 | D:1      | Reached XP level 3. HP: 14/14 MP: 5/7
  1632 | D:2      | Reached skill level 3 in Fire Magic
  1867 | D:2      | Found an ornate altar of the Wu Jian Council.
  1869 | D:2      | Noticed Jessica
  1893 | D:2      | Killed Jessica
  1893 | D:2      | Reached XP level 4. HP: 17/18 MP: 0/8
  2154 | D:2      | Noticed Terence
  2688 | D:2      | Killed Terence
  2770 | D:2      | Found a burning altar of Makhleb.
  2775 | D:2      | Reached XP level 5. HP: 15/21 MP: 3/9
  2981 | D:3      | Slain by an orc
  2982 | D:3      | Reached XP level 4. HP: 0/18 MP: 0/8
  2990 | D:3      | Reached skill level 4 in Fire Magic
  2998 | D:3      | Learned a level 3 spell: Conjure Flame
  3247 | D:3      | Quit the game

Vault maps used:
D:1:      dpeg_arrival_lava_temple_mockup
D:2:      minmay_diamond_boxcup, lemuel_crystal_altar,
          makhleb_blood_cavern_becter, uniq_terence, uniq_jessica
D:3:      overflow_temple_1_default

Skill      XL: |  1  2  3  4 |
---------------+-------------+-----
Conjurations   | 1 2 3 |  3.8
Fire Magic     | 3 4 |  4.0
Dodging        | |  2.8
Stealth        | |  2.6
Spellcasting   | |  2.0

Action                   |  1- 3 |  4- 6 || total
-------------------------+-------+-------++-------
Melee: Unarmed           |     2 |       ||     2
       Bite              |     1 |       ||     1
 Cast: Flame Tongue      |    63 |    90 ||   153
  Use: Potion            |       |     9 ||     9
  Eat: Chunk             |     4 |     3 ||     7
Armor: Skin              |     3 |       ||     3
Dodge: Dodged            |    20 |    28 ||    48

Table legend:
 A = Non-vault XP
 B = Vault XP
 C = Vault XP percentage of total XP
 D = Non-vault monster count
 E = Vault monster count
 F = Vault count percentage of total count
                 A         B        C        D         E       F
            +---------+---------+-------+---------+---------+-------
      Total |     145 |     130 |  47.3 |      68 |       9 |  11.7
            +---------+---------+-------+---------+---------+-------
        D:1 |      41 |       0 |   0.0 |      23 |       0 |   0.0
        D:2 |      56 |     130 |  69.9 |      26 |       9 |  25.7
        D:3 |      48 |       0 |   0.0 |      19 |       0 |   0.0
            +---------+---------+-------+---------+---------+-------
